[Event "Titled Tuesday Blitz June 20 Early 2023"]
[White "Postny, Evgeny"]
[Black "Sethuraman, S.P."]
[WhiteFideId "2804344"]
[BlackFideId "5021596"]
[WhiteElo "2504"]
[BlackElo "2543"]
[Result "1-0"]
[Round "9"]
[TimeControl "180+2"]
[Date "2023.06.20"]
[WhiteClock "0:00:09"]
[BlackClock "0:00:13"]
[Board "31"]

1. e4 c5 2. Nf3 Nc6 3. d4 cxd4 4. Nxd4 Nf6 5. Nc3 d6 6. Be2 g6 7. O-O Bg7 8. Nb3 O-O 9. Re1 Be6 10. Bf1 Rc8 11. h3 a6 12. a3 Na5 13. Nd4 Bc4 14. Bd3 Nd7 15. Be3 Ne5 16. f4 Nec6 17. Nf3 b5 18. Qe2 Bxd3 19. cxd3 Nb3 20. Rad1 Ncd4 21. Nxd4 Bxd4 22. Bxd4 Nxd4 23. Qf2 Ne6 24. f5 Ng7 25. Rf1 e6 26. f6 Ne8 27. e5 dxe5 28. d4 exd4 29. Rxd4 Qb6 30. Ne4 Rc2 31. Rd2 Qxf2+ 32. Rfxf2 Rxd2 33. Rxd2 Nc7 34. Rd6 h6 35. Rc6 Nd5 36. Rxa6 Rc8 37. Ra7 g5 38. Nd6 Rc1+ 39. Kh2 Nxf6 40. Nxf7 Kg7 41. Nxg5+ Kg6 42. Nxe6 Rc2 43. Rg7+ Kh5 44. Nf4+ Kh4 45. b4 Ne4 46. Rg4# 1-0


[Site "https://www.chess.com"]

[Event "Titled Tuesday Blitz June 20 Early 2023"]
[White "Maksimovic, Bojan"]
[Black "Timerkhanov, Alexander"]
[WhiteFideId "14408120"]
[BlackFideId "24177938"]
[WhiteElo "2457"]
[BlackElo "2278"]
[Result "0-1"]
[Round "9"]
[TimeControl "180+2"]
[Date "2023.06.20"]
[WhiteClock "0:00:00"]
[BlackClock "0:00:59"]
[Board "32"]

1. e4 c5 2. Nf3 a6 3. c3 d5 4. exd5 Qxd5 5. d4 Nf6 6. Be3 cxd4 7. cxd4 e6 8. Nc3 Qd6 9. Bd3 Nc6 10. O-O Be7 11. a3 b5 12. Ne4 Nxe4 13. Bxe4 Bb7 14. Rc1 Na5 15. Qd3 Bxe4 16. Qxe4 O-O 17. Bf4 Qd5 18. Qxd5 exd5 19. Rc7 Rfe8 20. Re1 Bf6 21. Rxe8+ Rxe8 22. Be5 Bxe5 23. Nxe5 Nc4 24. f3 Nxb2 25. Nxf7 Nd3 26. h4 a5 27. Nd6 Rb8 28. Nf5 b4 29. axb4 axb4 30. Rxg7+ Kh8 31. Ra7 b3 32. Ra1 b2 33. Rb1 Rc8 34. Kh2 Rc1 35. Rxb2 Nxb2 36. Ne3 Nc4 37. Nxd5 Rd1 38. Nf6 Rxd4 39. Kg3 Nd6 40. h5 Nf5+ 41. Kf2 Kg7 42. Ne4 Ra4 43. g4 Ra2+ 44. Ke1 Nd4 45. Nd2 h6 46. f4 Ne6 47. f5 Nd4 48. Nc4 Kf6 0-1


[Site "https://www.chess.com"]

[Event "Titled Tuesday Blitz June 20 Early 2023"]
[White "Lorparizangeneh, Shahin"]
[Black "ATM622"]
[WhiteFideId "12521604"]
[WhiteElo "2526"]
[BlackElo "2635"]
[Result "1-0"]
[Round "9"]
[TimeControl "180+2"]
[Date "2023.06.20"]
[WhiteClock "0:01:50"]
[BlackClock "0:00:47"]
[Board "33"]

1. e4 c6 2. d4 d5 3. exd5 cxd5 4. Bd3 Nc6 5. c3 Nf6 6. h3 g6 7. Nf3 Bg7 8. O-O O-O 9. Re1 Bf5 10. Bf1 Qc7 11. g3 Rfe8 12. Bf4 Qb6 13. Qb3 Qxb3 14. axb3 h5 15. b4 a6 16. Nbd2 b5 17. Ra3 Nd7 18. Rea1 e5 19. dxe5 Ndxe5 20. Rxa6 Rxa6 21. Rxa6 Nxf3+ 22. Nxf3 d4 23. Bxb5 dxc3 24. bxc3 Rd8 25. Bxc6 Rd1+ 26. Kg2 Bd3 27. Ra8+ Kh7 28. Ng5+ Kh6 29. Nxf7+ Kh7 30. Ng5+ Kh6 31. Ne6+ Kh7 32. Ra7 Bf1+ 33. Kh2 1-0


[Site "https://www.chess.com"]

[Event "Titled Tuesday Blitz June 20 Early 2023"]
[White "Kumsiashvili, Nikoloz"]
[Black "Vakhlamov, Igor L."]
[WhiteFideId "13600621"]
[BlackFideId "24126748"]
[WhiteElo "2299"]
[BlackElo "2407"]
[Result "0-1"]
[Round "9"]
[TimeControl "180+2"]
[Date "2023.06.20"]
[WhiteClock "0:00:01"]
[BlackClock "0:00:08"]
[Board "34"]

1. c4 e6 2. Nc3 d5 3. d4 c5 4. Nf3 cxd4 5. Nxd4 e5 6. Nf3 d4 7. Ne4 Nf6 8. Nxf6+ Qxf6 9. e4 Nc6 10. Bd3 Bb4+ 11. Bd2 O-O 12. a3 Bxd2+ 13. Nxd2 Qg5 14. Qf3 Be6 15. Qg3 Qe7 16. O-O a5 17. b3 Rad8 18. Rfd1 h6 19. Nf3 Qf6 20. Ne1 Rd7 21. Bf1 b6 22. Nd3 a4 23. Nb2 axb3 24. Qxb3 Rb8 25. Qb5 Na7 26. Qb4 Qe7 27. Nd3 f6 28. Qxe7 Rxe7 29. c5 bxc5 30. Nxc5 Bf7 31. Rdb1 Rc8 32. Rc1 Rec7 33. Nd3 Bc4 34. Nb4 Bxf1 35. Rxc7 Rxc7 36. Kxf1 Kf7 37. f3 Rc4 38. Nd3 Ra4 39. Nb2 Ra5 40. Ke2 Nb5 41. Nc4 Ra4 42. Kd3 Ke6 43. Rb1 Nxa3 44. Rb6+ Kd7 45. Rb7+ Kc6 46. Rb6+ Kc7 47. Rb5 Nxb5 0-1


[Site "https://www.chess.com"]

[Event "Titled Tuesday Blitz June 20 Early 2023"]
[White "Sattarov, Bobir"]
[Black "Sowul, Bartosz"]
[WhiteFideId "14203081"]
[BlackFideId "1137590"]
[WhiteElo "2351"]
[BlackElo "2188"]
[Result "1-0"]
[Round "9"]
[TimeControl "180+2"]
[Date "2023.06.20"]
[WhiteClock "0:01:34"]
[BlackClock "0:00:03"]
[Board "35"]

1. e4 c5 2. Nf3 d6 3. d4 cxd4 4. Nxd4 Nf6 5. f3 e5 6. Nb3 d5 7. Bg5 Be6 8. Bxf6 gxf6 9. exd5 Qxd5 10. Qxd5 Bxd5 11. Nc3 Be6 12. O-O-O Nc6 13. Nd5 Bh6+ 14. Kb1 Rd8 15. Bc4 Kf8 16. Nc5 Nd4 17. Nxe6+ fxe6 18. Nxf6 Ke7 19. Ng4 Bg7 20. Rhe1 b5 21. Bd3 Rd5 22. c3 Nf5 23. Bf1 Rhd8 24. Rxd5 Rxd5 25. Kc2 h5 26. Ne3 Nxe3+ 27. Rxe3 Bh6 28. Rd3 a6 29. a4 bxa4 30. Rxd5 exd5 31. Bxa6 h4 32. g3 h3 33. Bf1 Be3 34. Bxh3 Bg1 35. Bf1 Bxh2 36. g4 e4 37. fxe4 dxe4 38. Bb5 Kf6 39. Bxa4 Kg5 40. Bc6 Kf4 41. g5 Kxg5 42. Bxe4 Kf6 43. Kd3 Ke7 44. b4 Kd6 45. Kc4 Kc7 46. Kb5 Kb8 47. c4 Kc7 48. c5 Bf4 49. Kc4 Kb8 50. b5 Bg3 51. b6 Bh2 52. Kd5 Bg3 53. Ke6 Kc8 54. Bf5 Kd8 55. c6 Kc8 56. Ke7+ Kb8 57. Kd7 Bc7 58. bxc7+ Ka7 59. c8=Q Kb6 60. Qb7+ 1-0


[Site "https://www.chess.com"]

[Event "Titled Tuesday Blitz June 20 Early 2023"]
[White "Kvaloy, Aksel Bu"]
[Black "Howell, David W L"]
[WhiteFideId "1528815"]
[BlackFideId "410608"]
[WhiteElo "2318"]
[BlackElo "2567"]
[Result "1/2-1/2"]
[Round "9"]
[TimeControl "180+2"]
[Date "2023.06.20"]
[WhiteClock "0:00:08"]
[BlackClock "0:00:05"]
[Board "36"]

1. e4 e6 2. d4 d5 3. Nc3 dxe4 4. Nxe4 Bd7 5. Nf3 Bc6 6. Ng3 Nd7 7. c3 Ngf6 8. Bd3 Be7 9. O-O O-O 10. b3 a5 11. a3 Re8 12. Bb2 Bf8 13. c4 g6 14. Qe2 Bxf3 15. Qxf3 c6 16. Rad1 Bg7 17. Rfe1 Qb6 18. Bc2 Rad8 19. h4 h5 20. Ne4 Nxe4 21. Qxe4 Nf6 22. Qf4 Ng4 23. g3 Rd7 24. Kg2 Red8 25. f3 Nf6 26. d5 e5 27. Bxe5 cxd5 28. Bd4 Qc6 29. c5 Nh7 30. b4 axb4 31. axb4 Bxd4 32. Qxd4 Nf8 33. g4 Ne6 34. Qf6 Ng7 35. Qd4 b6 36. Bb3 bxc5 37. Qxc5 Qxc5 38. bxc5 Ne6 39. Rc1 Nf4+ 40. Kg3 Nd3 41. c6 Rc7 42. Red1 Nxc1 43. Rxc1 d4 44. Kf2 d3 45. Rc3 d2 46. Bd1 Rd6 47. Ke3 Rcxc6 48. Rxc6 Rxc6 49. Kxd2 hxg4 50. fxg4 Kg7 51. Ke3 Rc3+ 52. Kf4 Rh3 53. h5 Rh2 54. hxg6 fxg6 55. g5 Rb2 56. Bf3 Rb4+ 57. Be4 Kf7 58. Ke5 Rb5+ 59. Kf4 Ra5 60. Bd3 Ra4+ 61. Be4 Ra6 62. Ke5 Rb6 63. Kf4 Ke7 64. Ke5 Re6+ 65. Kf4 Kd6 66. Bd3 Kd5 67. Bc2 Kd4 68. Bxg6 Rxg6 69. Kf5 Rg8 70. g6 Kd5 71. Kf6 Rf8+ 72. Ke7 Rf1 73. g7 Rg1 74. Kf7 Rf1+ 75. Ke7 Rg1 76. Kf7 Rf1+ 77. Ke7 1/2-1/2


[Site "https://www.chess.com"]

[Event "Titled Tuesday Blitz June 20 Early 2023"]
[White "Ibarra Jerez, Jose Carlos"]
[Black "Arabidze, Meri"]
[WhiteFideId "2226332"]
[BlackFideId "13604040"]
[WhiteElo "2631"]
[BlackElo "2405"]
[Result "1-0"]
[Round "9"]
[TimeControl "180+2"]
[Date "2023.06.20"]
[WhiteClock "0:00:06"]
[BlackClock "0:00:14"]
[Board "37"]

1. Nf3 f5 2. d3 d6 3. e4 e5 4. Nc3 Nf6 5. exf5 Bxf5 6. d4 e4 7. Nh4 Qd7 8. f3 d5 9. Nxf5 Qxf5 10. fxe4 dxe4 11. Qe2 Nc6 12. Be3 O-O-O 13. O-O-O Bb4 14. Qc4 Ng4 15. Bg1 e3 16. Bd3 Qg5 17. h4 Qf6 18. Nd5 Bd2+ 19. Kb1 Qd6 20. Bf5+ Kb8 21. Bxg4 Qxd5 22. Qxd5 Rxd5 23. c3 Re8 24. Be2 Rd6 25. Bh2 Rf6 26. Bg3 a6 27. h5 Ne7 28. Bh4 Rff8 29. Kc2 Nf5 30. Kd3 Nxh4 31. Rxh4 Rf2 32. Rg4 Re7 33. b4 b5 34. a4 c6 35. Rh1 h6 36. axb5 axb5 37. Bf3 Kc7 38. Re4 Rxe4 39. Bxe4 e2 40. Kxd2 Rf1 41. Kxe2 Rxh1 42. Bf3 Rc1 43. Kd2 Ra1 44. Kd3 Kd6 45. Kd2 Ra2+ 46. Kd3 Rb2 47. Ke3 Rc2 48. Kd3 Ra2 49. Ke3 Ra1 50. Ke4 Re1+ 51. Kd3 Kd7 52. Bg4+ Kd6 53. Bf3 Re7 54. Be4 Rf7 55. Ke3 Rf6 56. g4 Rf1 57. Bf3 Rc1 58. Kd2 Rg1 59. Ke3 Ra1 60. Kd3 Ra2 61. Ke3 Rb2 62. Be4 Rh2 63. Kd3 Rh3+ 64. Kd2 Rg3 65. Bf5 Kd5 66. Bd7 Kc4 67. Be6# 1-0


[Site "https://www.chess.com"]

[Event "Titled Tuesday Blitz June 20 Early 2023"]
[White "Galchenko, Matvey"]
[Black "Vaibhav Jayant Raut"]
[WhiteFideId "24175480"]
[BlackFideId "5089034"]
[WhiteElo "2423"]
[BlackElo "2156"]
[Result "1-0"]
[Round "9"]
[TimeControl "180+2"]
[Date "2023.06.20"]
[WhiteClock "0:01:52"]
[BlackClock "0:01:29"]
[Board "38"]

1. f4 d5 2. Nf3 Nf6 3. g3 g6 4. Bg2 Bg7 5. O-O O-O 6. d3 c5 7. Nc3 Nc6 8. e4 dxe4 9. dxe4 Nd4 10. e5 Nxf3+ 11. Qxf3 Ng4 12. h3 Nh6 13. g4 f5 14. exf6 exf6 15. Be3 f5 16. g5 Nf7 17. Bxc5 Re8 18. Rad1 Qc7 19. b4 Be6 20. Nb5 Qc8 21. Rfe1 Bc4 22. Rxe8+ Qxe8 23. Nc7 Be2 24. Qxb7 Bxd1 25. Nxe8 Rxe8 26. Bd5 1-0


[Site "https://www.chess.com"]

[Event "Titled Tuesday Blitz June 20 Early 2023"]
[White "Ashraf, Artin"]
[Black "Xu, Yi"]
[WhiteFideId "22514805"]
[BlackFideId "8605564"]
[WhiteElo "2224"]
[BlackElo "2460"]
[Result "0-1"]
[Round "9"]
[TimeControl "180+2"]
[Date "2023.06.20"]
[WhiteClock "0:00:00"]
[BlackClock "0:00:18"]
[Board "39"]

1. e4 c5 2. Nf3 d6 3. d4 cxd4 4. Nxd4 Nf6 5. Nc3 a6 6. Bg5 Nbd7 7. Bc4 e6 8. f4 Qb6 9. Bb3 Be7 10. Qd2 Nc5 11. Bxf6 Bxf6 12. O-O-O Bd7 13. Nde2 O-O-O 14. Rhe1 Bc6 15. Nd4 Rd7 16. f5 exf5 17. exf5 Rhd8 18. Kb1 Kb8 19. Nd5 Bxd5 20. Bxd5 Na4 21. Bb3 Nc5 22. Bd5 Rc7 23. Re3 Bg5 24. h4 Bxe3 25. Qxe3 Ka7 26. h5 Rdd7 27. f6 gxf6 28. Qh6 Re7 29. Qxf6 Re5 30. Nf3 Na4 31. Bb3 Ra5 32. Qf4 Nc5 33. Bd5 Rb5 34. Bb3 Re7 35. Nd4 Re4 0-1


[Site "https://www.chess.com"]

[Event "Titled Tuesday Blitz June 20 Early 2023"]
[White "Souleidis, Georgios"]
[Black "Simonian, Hrair"]
[WhiteFideId "4206827"]
[BlackFideId "13302337"]
[WhiteElo "2401"]
[BlackElo "2447"]
[Result "1/2-1/2"]
[Round "9"]
[TimeControl "180+2"]
[Date "2023.06.20"]
[WhiteClock "0:00:57"]
[BlackClock "0:00:50"]
[Board "40"]

1. e4 c5 2. Be2 Nc6 3. d3 g6 4. f4 Bg7 5. Nf3 d6 6. O-O e6 7. c3 Nge7 8. Be3 O-O 9. d4 cxd4 10. cxd4 d5 11. e5 Nf5 12. Bf2 h5 13. Qd2 a6 14. Nc3 b5 15. Rac1 Bd7 16. b3 Rc8 17. g3 Qe7 18. h3 h4 19. g4 Ng3 20. Bxg3 hxg3 21. Kg2 Rc7 22. Kxg3 Rfc8 23. Bd3 b4 24. Na4 a5 25. Nb6 Rb8 26. Nxd7 Qxd7 27. Rc2 Ne7 28. Rfc1 Rxc2 29. Rxc2 a4 30. Qc1 axb3 31. axb3 Rc8 32. Rxc8+ Qxc8 33. Qxc8+ Nxc8 34. Bb5 Bf8 35. h4 Be7 36. g5 Bd8 37. Kf2 Ne7 38. Bd3 Bb6 39. Ke3 Nc6 40. Bb5 Ne7 41. Bd3 Nc6 42. Bb5 Ne7 43. Bd3 1/2-1/2


[Site "https://www.chess.com"]

[Event "Titled Tuesday Blitz June 20 Early 2023"]
[White "Martic, Ivan"]
[Black "Pakleza, Zbigniew"]
[WhiteFideId "929301"]
[BlackFideId "1119290"]
[WhiteElo "2346"]
[BlackElo "2410"]
[Result "0-1"]
[Round "9"]
[TimeControl "180+2"]
[Date "2023.06.20"]
[WhiteClock "0:00:23"]
[BlackClock "0:00:10"]
[Board "41"]

1. d4 d6 2. c4 e5 3. d5 f5 4. e4 fxe4 5. Nc3 Nf6 6. Nge2 Nbd7 7. Ng3 Nc5 8. Bg5 Be7 9. Bxf6 Bxf6 10. Ngxe4 Nxe4 11. Nxe4 O-O 12. Bd3 Be7 13. O-O b6 14. b4 a5 15. a3 Bf5 16. Ng3 g6 17. Qc2 Qd7 18. f3 Bh4 19. Ne4 Kg7 20. c5 axb4 21. c6 Qf7 22. g3 Be7 23. Bc4 Rxa3 24. Rxa3 bxa3 25. Ba2 Bxe4 26. Qxe4 Qf5 27. Kg2 Bg5 28. Qe2 Ra8 29. Bb1 Qf7 30. Ba2 Ra5 31. Qe4 Qf5 32. Rb1 Rc5 33. Rf1 Qxe4 34. fxe4 Be3 35. Kf3 Rc2 36. Bb1 Rc3 37. Ke2 Bd4 38. Rf3 Rc1 39. Rb3 Rxb1 40. Rxb1 a2 41. Rd1 a1=Q 42. Rxa1 Bxa1 43. Kd3 Kf6 44. Kc4 Ke7 45. h4 Bd4 46. g4 b5+ 47. Kxb5 Bf2 48. h5 gxh5 49. gxh5 Bb6 50. Ka6 Kf6 51. Kb7 Kg5 52. Kc8 Kxh5 53. Kd7 Kg5 54. Ke6 h5 55. Kf7 h4 56. Ke6 h3 57. Kd7 h2 58. Ke6 h1=Q 59. Kd7 Qxe4 60. Ke6 Kf4 0-1


[Site "https://www.chess.com"]

[Event "Titled Tuesday Blitz June 20 Early 2023"]
[White "Fiorito, Joaquin"]
[Black "Weetik, Vjacheslav"]
[WhiteFideId "180173"]
[BlackFideId "4153472"]
[WhiteElo "2199"]
[BlackElo "2469"]
[Result "0-1"]
[Round "9"]
[TimeControl "180+2"]
[Date "2023.06.20"]
[WhiteClock "0:00:00"]
[BlackClock "0:00:07"]
[Board "42"]

1. d4 Nf6 2. c4 e6 3. Nc3 Bb4 4. e3 O-O 5. Bd2 Re8 6. Nf3 d5 7. Rc1 a6 8. cxd5 exd5 9. Bd3 c6 10. O-O Nbd7 11. Qc2 a5 12. Rfe1 Nf8 13. Ne5 N6d7 14. a3 Bd6 15. Nxd7 Bxd7 16. e4 dxe4 17. Nxe4 Bf5 18. Nxd6 Rxe1+ 19. Bxe1 Bxd3 20. Nxb7 Qxd4 21. Qxc6 Qxb2 22. Nxa5 Qxa3 23. Qc3 Rxa5 24. Qd2 Bf5 25. h3 Rd5 26. Qf4 Ng6 27. Qb8+ Qf8 28. Qb7 h6 29. Qxd5 Be6 30. Qd4 Ne7 31. Bc3 Nf5 32. Qe5 Qa3 33. Ra1 Qb3 34. g4 f6 35. Qf4 Qxc3 0-1


[Site "https://www.chess.com"]

[Event "Titled Tuesday Blitz June 20 Early 2023"]
[White "Sadykov, Ramil"]
[Black "Seo, Jung Min"]
[WhiteFideId "24113590"]
[BlackFideId "1734687"]
[WhiteElo "2245"]
[BlackElo "2468"]
[Result "0-1"]
[Round "9"]
[TimeControl "180+2"]
[Date "2023.06.20"]
[WhiteClock "0:00:03"]
[BlackClock "0:00:19"]
[Board "43"]

1. Nf3 g6 2. g3 Bg7 3. Bg2 Nf6 4. O-O O-O 5. c4 c5 6. d4 cxd4 7. Nxd4 Nc6 8. Nc3 Qa5 9. Nc2 d6 10. e4 Be6 11. Qe2 Rac8 12. Nd5 Bxd5 13. cxd5 Nb4 14. Ne3 Qa6 15. Qxa6 Nxa6 16. Bh3 Rc7 17. f3 Nd7 18. Kf2 Nac5 19. Ke2 Na4 20. Rb1 Ndb6 21. Rd1 Rb8 22. Rd3 Nc4 23. b3 Nxe3 24. bxa4 Nc4 25. Rdb3 b6 26. Bg5 Na5 27. Rd3 Bf6 28. Bxf6 exf6 29. Rb2 Rbb7 30. Kd1 Rc4 31. Rc2 Rbc7 32. Rdd2 h5 33. Bf1 Rc3 34. Bb5 R7c5 35. f4 Kg7 36. Rxc3 Rxc3 37. Rc2 Re3 38. Rc7 Rxe4 39. Rxa7 g5 40. Kd2 gxf4 41. gxf4 Rxf4 42. Ke3 Rh4 43. Be8 Rxh2 44. Bxf7 Kh6 45. Be6 Rxa2 46. Rf7 Rxa4 47. Rxf6+ Kg5 48. Rf5+ Kh4 49. Rf7 Nc4+ 50. Ke2 Ne5 51. Rb7 Rb4 52. Kd2 b5 53. Kc3 Rc4+ 54. Kb3 Rc5 55. Rb6 Nc4 56. Kb4 Nxb6 0-1


[Site "https://www.chess.com"]

[Event "Titled Tuesday Blitz June 20 Early 2023"]
[White "djokovic74"]
[Black "Aradhya, Garg"]
[BlackFideId "25006746"]
[WhiteElo "2639"]
[BlackElo "2263"]
[Result "1/2-1/2"]
[Round "9"]
[TimeControl "180+2"]
[Date "2023.06.20"]
[WhiteClock "0:00:02"]
[BlackClock "0:00:18"]
[Board "44"]

1. e4 e5 2. Nf3 Nc6 3. Bb5 a6 4. Ba4 Bc5 5. O-O d6 6. c3 Bd7 7. d4 Ba7 8. Bg5 Nf6 9. Bc2 h6 10. Be3 Bg4 11. d5 Ne7 12. Bxa7 Rxa7 13. Nbd2 g5 14. b4 Ng6 15. a4 Bd7 16. a5 g4 17. Ne1 h5 18. c4 h4 19. c5 g3 20. fxg3 hxg3 21. hxg3 Kf8 22. Qf3 Kg7 23. Bd3 Qe7 24. Nc2 dxc5 25. Ne3 cxb4 26. Rac1 c6 27. dxc6 bxc6 28. Rxc6 Ng4 29. Rxg6+ fxg6 30. Nxg4 Bxg4 31. Qxg4 Qc5+ 32. Rf2 Rf7 33. Nf3 Qe3 34. Qe6 Rhf8 35. Qxe5+ Kh6 36. Bc4 Qc1+ 37. Bf1 b3 38. g4 b2 39. g5+ Kh7 40. g3 Kg8 41. Rh2 Rh7 42. Rxh7 Kxh7 43. Qe7+ Kg8 44. Qe6+ Kg7 45. Qe7+ Rf7 46. Qe5+ Kf8 47. Qh8+ Ke7 48. Qe5+ Kf8 49. Qh8+ Ke7 50. Qe5+ Kd8 51. Qb8+ Ke7 52. Qe5+ 1/2-1/2


[Site "https://www.chess.com"]

[Event "Titled Tuesday Blitz June 20 Early 2023"]
[White "Domingo Nunez, Alejandro"]
[Black "Rohith Krishna S"]
[WhiteFideId "22245561"]
[BlackFideId "46617051"]
[WhiteElo "2291"]
[BlackElo "2270"]
[Result "0-1"]
[Round "9"]
[TimeControl "180+2"]
[Date "2023.06.20"]
[WhiteClock "0:00:00"]
[BlackClock "0:00:42"]
[Board "45"]

1. Nf3 Nc6 2. d4 d5 3. g3 Bf5 4. Bg2 e6 5. O-O h5 6. c4 Be7 7. Nc3 Nf6 8. Ne5 Nxe5 9. dxe5 Ng4 10. cxd5 Nxe5 11. dxe6 Bxe6 12. Bxb7 Qb8 13. Bg2 h4 14. Bf4 Ng6 15. Qa4+ Kf8 16. Qc6 Nxf4 17. gxf4 h3 18. Qxa8 Qxa8 19. Bxa8 g5 20. fxg5 Bxg5 21. Kh1 Bf4 22. e3 Bd6 23. Bd5 Bf5 24. Rg1 Rh6 25. Rg5 Rf6 26. f4 Bc5 27. e4 Bd7 28. Rf1 Bd4 29. e5 Rb6 30. Ne2 Bxb2 31. Rb1 a5 32. f5 a4 33. e6 fxe6 34. fxe6 Be8 35. Rg3 a3 36. Rxh3 Rd6 37. Bg2 Rd2 38. Nf4 Be5 39. Rh7 Bxf4 40. Rf1 Kg8 41. Re7 Bb5 42. Rg1 Be3 43. Re1 Bf2 44. Rc1 Rxa2 45. Rexc7 Be3 46. e7 Re2 47. Bd5+ Kh8 48. Rf1 Bf2 0-1


[Site "https://www.chess.com"]

[Event "Titled Tuesday Blitz June 20 Early 2023"]
[White "Renjith, Sravan"]
[Black "Vlassov, Nikolai"]
[WhiteFideId "4306783"]
[BlackFideId "4103360"]
[WhiteElo "2104"]
[BlackElo "2324"]
[Result "1/2-1/2"]
[Round "9"]
[TimeControl "180+2"]
[Date "2023.06.20"]
[WhiteClock "0:00:08"]
[BlackClock "0:00:11"]
[Board "46"]

1. b3 e5 2. Bb2 Nc6 3. e3 a6 4. Nf3 e4 5. Ne5 Qf6 6. d4 exd3 7. Nxd3 Qg6 8. Nf4 Qh6 9. Bd3 Nf6 10. O-O Bd6 11. Nd2 O-O 12. Bxf6 Bxf4 13. exf4 Qxf6 14. g3 d6 15. Ne4 Qh6 16. Ng5 g6 17. Bc4 Nd8 18. Re1 Qg7 19. Re7 c6 20. Qe1 d5 21. Bd3 h6 22. Nf3 Ne6 23. f5 Qf6 24. fxe6 Qxe7 25. exf7+ Rxf7 26. Ne5 Rf6 27. Nxg6 Qxe1+ 28. Rxe1 Re6 29. Ne5 Kg7 30. f4 c5 31. Kf2 b5 32. c4 dxc4 33. bxc4 Bb7 34. Re2 b4 35. g4 Rae8 36. Kg3 a5 37. Bf5 Rd6 38. h4 a4 39. g5 hxg5 40. hxg5 b3 41. axb3 axb3 42. Rb2 Rb6 43. Bd7 Ra8 44. Bb5 Ra2 45. Rxb3 Be4 46. Re3 Rg2+ 47. Kh3 Ba8 48. f5 Rxg5 49. Rg3 Kf6 50. Nd7+ Kxf5 51. Rxg5+ Kxg5 52. Nxb6 Be4 53. Nd7 Bf5+ 54. Kg3 Bd3 55. Nxc5 Bxc4 56. Bxc4 Kf5 57. Kf3 Ke5 58. Ne4 Kd4 59. Be2 Ke5 60. Ke3 Kf5 61. Bf3 Ke5 62. Bg4 Kd5 63. Kf4 Kd4 64. Be6 Kd3 65. Nc5+ Kd4 66. Nd7 Kd3 67. Ke5 Kc3 68. Bd5 Kd3 69. Nf6 Kc3 70. Ke4 Kd2 71. Kd4 Kc2 72. Ne4 Kb2 73. Kc4 Kc2 74. Kd4 Kb2 75. Kd3 Ka3 76. Kc3 Ka4 77. Kc4 Ka3 78. Nc3 Kb2 79. Be4 Kc1 80. Kd3 Kb2 81. Bd5 Ka3 82. Kc4 Kb2 83. Ne4 Kc2 84. Kd4 1/2-1/2


[Site "https://www.chess.com"]

[Event "Titled Tuesday Blitz June 20 Early 2023"]
[White "Yuan, Qingyu"]
[Black "Akhmedinov, Satbek"]
[WhiteFideId "8609772"]
[BlackFideId "13714287"]
[WhiteElo "2359"]
[BlackElo "1998"]
[Result "0-1"]
[Round "9"]
[TimeControl "180+2"]
[Date "2023.06.20"]
[WhiteClock "0:00:02"]
[BlackClock "0:01:09"]
[Board "47"]

1. e4 c5 2. Nf3 Nc6 3. Bb5 e5 4. O-O Bd6 5. c3 Nge7 6. d4 cxd4 7. cxd4 exd4 8. Nxd4 Bc7 9. Nc3 O-O 10. Be3 a6 11. Bc4 b5 12. Bb3 Bb7 13. Nd5 Nxd5 14. Bxd5 Rb8 15. Rc1 Qf6 16. g3 Be5 17. Nf5 Bxb2 18. Rc2 Nb4 19. Rxb2 Nxd5 20. Bd4 Qg5 21. Bxg7 Rfe8 22. Qd4 Nf4 23. Nh6+ Qxh6 24. Bxh6 Ne2+ 25. Kg2 Nxd4 26. f3 Rbc8 27. Rff2 d5 28. Rbd2 Rc4 29. Be3 Nc6 30. Rxd5 Ne7 31. Rg5+ Ng6 32. h4 Kf8 33. h5 Ne5 34. Rd2 f6 35. Rf5 Ke7 36. g4 Nxg4 37. Bf4 Rxe4 38. Kg3 Rxf4 39. Rxf4 Ne5 40. Rfd4 Bxf3 41. Kf4 Rg8 42. Rc2 Rg4+ 43. Ke3 Nc4+ 44. Kd3 Rxd4+ 45. Kxd4 Bxh5 46. Rh2 Bg6 47. Kc5 f5 48. a4 f4 49. axb5 axb5 50. Kxb5 Ne5 51. Kc5 f3 52. Kd4 Ng4 53. Rh1 Kf6 54. Rf1 f2 55. Kc3 Ke5 56. Kd2 Kf4 57. Ke2 Kg3 58. Rb1 Kg2 59. Ra1 Nh2 60. Rc1 f1=Q+ 61. Rxf1 Nxf1 62. Ke1 h5 63. Ke2 h4 0-1


[Site "https://www.chess.com"]

[Event "Titled Tuesday Blitz June 20 Early 2023"]
[White "Lavrik, Dmitry"]
[Black "Ahmad, Khagan"]
[WhiteFideId "24113190"]
[BlackFideId "13431552"]
[WhiteElo "2345"]
[BlackElo "2209"]
[Result "1-0"]
[Round "9"]
[TimeControl "180+2"]
[Date "2023.06.20"]
[WhiteClock "0:00:08"]
[BlackClock "0:00:00"]
[Board "48"]

1. c4 Nf6 2. Nf3 e6 3. g3 d5 4. Bg2 Be7 5. O-O O-O 6. b3 c5 7. cxd5 Nxd5 8. Bb2 Nc6 9. d4 cxd4 10. Nxd4 Bf6 11. Nxc6 bxc6 12. Qc1 Ba6 13. Re1 Rc8 14. Nc3 Nxc3 15. Bxc3 c5 16. Bxf6 Qxf6 17. Qa3 e5 18. Rac1 Qb6 19. Bd5 Rfd8 20. e4 g6 21. Re3 Kg7 22. Rec3 Bb7 23. Rxc5 Rxc5 24. Qxc5 Bxd5 25. exd5 Qa6 26. a4 Qd3 27. d6 Qxd6 28. Qxa7 Qd2 29. Qe3 Qb2 30. Re1 Rd5 31. Re2 Qb1+ 32. Kg2 f6 33. Re1 Qb2 34. Qf3 Rd2 35. a5 Qa2 36. Qe3 Rb2 37. Qb6 Rxb3 38. Qc7+ Kh6 39. Rd1 Rb2 40. Qc5 Re2 41. Rd7 Qe6 42. Qf8+ Kg5 43. h4+ Kf5 44. Rd6 1-0


[Site "https://www.chess.com"]

[Event "Titled Tuesday Blitz June 20 Early 2023"]
[White "Jakubowski, Krzysztof"]
[Black "Danielyan, Vahe"]
[WhiteFideId "1112848"]
[BlackFideId "13304828"]
[WhiteElo "2359"]
[BlackElo "2423"]
[Result "1-0"]
[Round "9"]
[TimeControl "180+2"]
[Date "2023.06.20"]
[WhiteClock "0:00:01"]
[BlackClock "0:00:00"]
[Board "49"]

1. e4 c6 2. Nf3 d5 3. d3 Qc7 4. g3 Bg4 5. Nbd2 e6 6. h3 Bxf3 7. Nxf3 Nf6 8. Qe2 Be7 9. Bg2 Na6 10. O-O O-O 11. e5 Nd7 12. h4 c5 13. h5 Rfc8 14. Nh2 Qxe5 15. Qd1 Nf6 16. h6 g6 17. Re1 Qc7 18. Ng4 Nxg4 19. Qxg4 Nb4 20. Re2 Nc6 21. c3 Bf8 22. Bf4 Qd7 23. Rae1 Rd8 24. Bc1 Ne7 25. Bh3 Nf5 26. Qf3 Re8 27. Bxf5 exf5 28. Bg5 Re6 29. Rxe6 fxe6 30. Qf4 Bd6 31. Qh4 Re8 32. d4 c4 33. Bf6 Be7 34. Qg5 Qd8 35. Rxe6 Bxf6 36. Rxe8+ Qxe8 37. Qxf6 Qd7 38. Kf1 a6 39. f4 a5 40. Ke2 b5 41. Kd2 b4 42. cxb4 axb4 43. Kc1 c3 44. bxc3 bxc3 45. a4 Qb7 46. Qe6+ Kf8 47. Qd6+ Kf7 48. Qa3 Qc6 49. a5 Qa6 50. Kc2 Qe2+ 51. Kxc3 Qe1+ 52. Kb3 Qe3+ 53. Ka4 Qxd4+ 54. Qb4 Qa1+ 55. Kb5 Qf1+ 56. Kb6 Qf2+ 57. Kb7 d4 58. a6 Qf3+ 59. Kc7 Qd5 60. a7 1-0


[Site "https://www.chess.com"]

[Event "Titled Tuesday Blitz June 20 Early 2023"]
[White "Budrewicz, Krzysztof"]
[Black "Atakhan, Abtin"]
[WhiteFideId "1127950"]
[BlackFideId "22502203"]
[WhiteElo "2230"]
[BlackElo "2008"]
[Result "0-1"]
[Round "9"]
[TimeControl "180+2"]
[Date "2023.06.20"]
[WhiteClock "0:00:08"]
[BlackClock "0:00:06"]
[Board "50"]

1. d4 Nf6 2. c4 g6 3. Nc3 d5 4. Nf3 Bg7 5. cxd5 Nxd5 6. Bd2 O-O 7. e3 Nb6 8. Be2 N8d7 9. O-O c5 10. Rc1 cxd4 11. exd4 Nf6 12. Re1 Bf5 13. Bf4 Nfd5 14. Be5 Bh6 15. Ra1 Rc8 16. Qb3 Be6 17. Qa3 a6 18. Rad1 Nxc3 19. bxc3 Bc4 20. Bg3 Re8 21. Ne5 Bxe2 22. Rxe2 Bg7 23. Qb3 e6 24. Rb1 Nd5 25. c4 Ne7 26. Qxb7 Qxd4 27. Qxa6 Nf5 28. Nf3 Qd3 29. Ree1 Ra8 30. Qc6 Rec8 31. Qb7 Qxc4 32. Ng5 Nh6 33. h3 Qxa2 34. Red1 Qa6 35. Qd7 Qc6 36. Qe7 Re8 37. Qb4 Nf5 38. Bh2 h6 39. Nf3 Rec8 40. Bf4 g5 41. Be5 Bxe5 42. Nxe5 Qc7 43. Qe4 Ra5 44. Ng4 Kg7 45. Rb7 Qf4 46. Qd3 Rd5 47. Qe2 Rxd1+ 48. Qxd1 Rc1 49. Rb1 Rxd1+ 50. Rxd1 h5 51. Nh2 Nd4 52. Re1 Qd2 53. Rf1 Ne2+ 54. Kh1 Nd4 55. Kg1 f5 56. g3 g4 57. hxg4 hxg4 58. Kg2 Qe2 59. Ra1 Nc2 60. Ra7+ Kg6 61. Ra6 Ne3+ 0-1


[Site "https://www.chess.com"]